 Dungeon Crawl Stone Soup version 0.17-a0-473-gfd9ac06 (webtiles) character file.

121 Kisielow the Changer (level 5, -3/37 HPs)
             Began as a Merfolk Transmuter on Apr 7, 2015.
             Slain by Purgy (4 damage)
             ... in a sewer.
             The game lasted 00:08:57 (3426 turns).

Kisielow the Changer (Merfolk Transmuter)           Turns: 3426, Time: 00:08:57

Health: -3/37      AC:  3    Str: 10    XL:     5   Next: 5%
Magic:  7/8        EV: 13    Int: 14    God:
Gold:   46         SH:  0    Dex: 14    Spells: 2 memorised, 4 levels left

rFire  x . .     SeeInvis .       - Unarmed
rCold  + . .     Clarity  .     c - +0 robe
rNeg   . . .     SustAb   .     (no shield)
rPois  .         Gourm    .     (no helmet)
rElec  .         Spirit   .     g - +0 cloak
rCorr  .         Warding  .     (no gloves)
rMut   .         Stasis   .     (no boots)
MR     .....                    (no amulet)
Stlth  +.........               (no ring)
                                o - ring of ice (curse)

@: very slightly contaminated, not resistant to hostile enchantments, very
unstealthy
A: change form in water, swift swim
a: no special abilities


You were in a sewer.
You were not hungry.

You visited 1 branch of the dungeon, and saw 3 of its levels.
You also visited: Sewer.

You collected 46 gold pieces.

Inventory:

Missiles
 b - 26 arrows
Armour
 c - a +0 robe (worn)
 g - a +0 cloak (worn)
Jewellery
 o - a cursed ring of ice (left hand)
Magical devices
 q - a wand of teleportation (2)
 r - a wand of polymorph (10)
Scrolls
 i - a scroll of remove curse
Potions
 e - 2 potions of curing
 f - a potion of cancellation
 j - a potion of might {unknown}
 l - a potion of haste
 u - a potion of mutation {unknown}
Books
 d - a book of Changes

   Spells                             Type                      Level
   a - Beastly Appendage              Transmutation                1
   b - Sticks to Snakes               Transmutation                2
   c - Spider Form                    Transmutation/Poison         3
   d - Ice Form                       Ice/Transmutation            4
   e - Blade Hands                    Transmutation                5
 s - a book of Frost

   Spells                             Type                      Level
   a - Freeze                         Ice                          1
   b - Throw Frost                    Conjuration/Ice              2
   c - Ozocubu's Armour               Charms/Ice                   3
   d - Throw Icicle                   Conjuration/Ice              4
   e - Summon Ice Beast               Ice/Summoning                4
   f - Condensation Shield            Ice                          4
Comestibles
 a - 4 bread rations
 k - 3 meat rations
 m - a slice of pizza
 p - a royal jelly


   Skills:
 - Level 1.1 Fighting
 - Level 2.6 Dodging
 * Level 4.6 Unarmed Combat
 - Level 2.0 Spellcasting
 - Level 4.6 Transmutations
 * Level 1.9 Poison Magic


You had 4 spell levels left.
You knew the following spells:

 Your Spells              Type           Power        Failure   Level  Hunger
a - Beastly Appendage     Trmt           ##....       3%          1    ##.....
s - Spider Form           Trmt/Pois      ##........   21%         3    ####...


Dungeon Overview and Level Annotations

Branches:
Dungeon (3/15)

Altars:

Annotations:
Sewer Purgy


Message History

You enter the shallow water.
Moving in this stuff is going to be slow.
Your transformation is almost over.
Purgy snarls, "Go!
Away!"
You see here a potion of poison.
You bite Purgy!
Purgy is almost dead.
Purgy bites you.
* * * LOW HITPOINT WARNING * * *
Purgy misses you. Purgy closely misses you.
You barely miss Purgy.
Purgy is almost dead.
Your transformation has ended.
Your +0 cloak unmelds from your body.
Your +0 robe unmelds from your body.
Purgy bites you.
* * * LOW HITPOINT WARNING * * *
Purgy claws you.
* * * LOW HITPOINT WARNING * * *
Purgy claws you.
You die...

#...#...#
#..###≈.##
#... #.≈.#
#≈≈ ##..#
#.. #..# ≈
#!.# .≈#
##..# #..≈
#≈T.#
#.≈###.@##
#.≈≈#...#
#.≈...##
#.....#
##.≈.##
#...#
##≈## #≈#
####≈####


You could see Purgy.

Vanquished Creatures
  A killer bee zombie (D:2)
  5 adders
  A giant gecko (D:3)
  2 ball pythons
  A giant cockroach (D:3)
  5 goblins
  6 hobgoblins
  2 jackals (Sewer)
  10 kobolds
  A quokka (D:3)
  6 bats
  2 giant newts (D:2)
  12 rats
54 creatures vanquished.

Notes
Turn   | Place    | Note
--------------------------------------------------------------
     0 | D:1      | Kisielow, the Merfolk Transmuter, began the quest for the Orb.
     0 | D:1      | Reached XP level 1. HP: 15/15 MP: 3/3
   347 | D:1      | Reached XP level 2. HP: 18/21 MP: 3/5
   473 | D:1      | Reached skill level 4 in Unarmed Combat
   927 | D:2      | Reached XP level 3. HP: 23/26 MP: 6/6
   932 | D:2      | Learned a level 3 spell: Spider Form
  1610 | D:2      | Reached skill level 1 in Poison Magic
  1610 | D:2      | Reached XP level 4. HP: 19/32 MP: 3/7
  3103 | D:3      | Found a glowing drain.
  3109 | D:3      | Reached XP level 5. HP: 31/37 MP: 4/8
  3123 | Sewer    | Entered a sewer
  3392 | Sewer    | Noticed Purgy
  3426 | Sewer    | HP: 1/37 [Purgy (1)]
  3426 | Sewer    | Slain by Purgy

Action                   |  1- 3 |  4- 6 || total
-------------------------+-------+-------++-------
Melee: Unarmed           |    81 |   100 ||   181
 Cast: Beastly Appendage |    10 |    14 ||    24
       Spider Form       |     1 |     5 ||     6
  Use: Scroll            |       |     7 ||     7
 Stab: Sleeping          |       |     1 ||     1
  Eat: Chunk             |     2 |     7 ||     9
